PUBA
CAPE MAY MARINERS @ MOTLEY CRUE
06/27/1972
 
TOP OF THE 1ST
Cape May Mariners batting - Pitching for Motley Crue : RHP John Malone
Pitching: RHP John Malone
Batting: LHB Caleb Mitchell 0-0: Ball
1-0: Ball
2-0: Swinging Strike
2-1: Ball
3-1: Base on Balls
Batting: RHB Clement Simpson 0-0: Ball
1-0: Ball
2-0: Ball
3-0: Called Strike
3-1: Base on Balls
Caleb Mitchell to second
Batting: RHB Craig Sullivan 0-0: Ball
1-0: Ball
2-0: Ball
3-0: Called Strike
3-1: Swinging Strike
3-2: Strikes out swinging
Batting: LHB Jason Hughes 0-0: Ball
1-0: Called Strike
1-1: Called Strike
1-2: Fly out, F8 (Flyball, 78M, EV 98.1 MPH)
Batting: RHB António Zumaya 0-0: Ball
1-0: Ball
2-0: Ball
3-0: Base on Balls
Caleb Mitchell to third
Clement Simpson to second
Batting: RHB Leroy Stanton 0-0: Ball
1-0: Ball
2-0: Called Strike
2-1: Called Strike
2-2: Ball
3-2: TRIPLE (Line Drive, 89XD, EV 110.6 MPH)
Caleb Mitchell scores
Clement Simpson scores
António Zumaya scores
Batting: RHB Jesús Vázquez 0-0: Called Strike
0-1: Fly out, F7 (Flyball, 7, EV 94.4 MPH)
Top of the 1st over - 3 runs, 1 hit, 0 errors, 1 left on base; Cape May 3 - Motley 0
BOTTOM OF THE 1ST
Motley Crue batting - Pitching for Cape May Mariners : LHP Basil Ionescu
Pitching: LHP Basil Ionescu
Batting: LHB Diego San Agustin 0-0: Called Strike
0-1: Foul Ball, location: 2F
0-2: Foul Ball, location: 5DF
0-2: Ball
1-2: Strikes out swinging
Batting: RHB Ted Martinez 0-0: Ball
1-0: SINGLE (Groundball, 6MD, EV 104.4 MPH)
Batting: RHB Richie Zisk 0-0: Called Strike
0-1: SINGLE (Groundball, 6MD, EV 103.1 MPH)
Ted Martinez to second
Runner from 2nd tries for 3rd, SAFE, throw by CF made to third
Batting: RHB Denny Jackson 0-0: Ball
1-0: Called Strike
1-1: Ball
2-1: Ball
3-1: Foul Ball, location: 7LMF
3-2: Base on Balls
Richie Zisk to second
Batting: RHB Mike Anderson 0-0: Ball
1-0: Ball
2-0: Ball
3-0: Called Strike
3-1: Swinging Strike
3-2: Strikes out looking
Batting: SHB Brent Boyd 0-0: Ball
1-0: Fly out, F8 (Flyball, 8LM, EV 86.3 MPH)
Bottom of the 1st over - 0 runs, 2 hits, 0 errors, 3 left on base; Cape May 3 - Motley 0
TOP OF THE 2ND
Cape May Mariners batting - Pitching for Motley Crue : RHP John Malone
Batting: RHB Carlos Rodríguez 0-0: Ball
1-0: Ball
2-0: Ball
3-0: Called Strike
3-1: Foul Ball, location: 2F
3-2: Hit by Pitch
Batting: RHB Jim MacIlrevie 0-0: Called Strike
0-1: Ball
1-1: Called Strike
1-2: Foul Ball, location: 2F
1-2: Foul Ball, location: 2F
1-2: Foul Ball, location: 2F
1-2: Ball
2-2: Ball
3-2: Strikes out swinging
Batting: LHB Caleb Mitchell 0-0: Called Strike
0-1: Swinging Strike
0-2: Strikes out swinging
Batting: RHB Clement Simpson 0-0: Called Strike
0-1: Called Strike
0-2: Ball
1-2: Foul Ball, location: 7LSFF
1-2: Fly out, F7 (Flyball, 78S, EV 85.0 MPH)
Top of the 2nd over - 0 runs, 0 hits, 0 errors, 1 left on base; Cape May 3 - Motley 0
BOTTOM OF THE 2ND
Motley Crue batting - Pitching for Cape May Mariners : LHP Basil Ionescu
Batting: RHB Ed MacGregor 0-0: Ball
1-0: SOLO HOME RUN (Flyball, 89XD, EV 104.4 MPH), Distance : 416 ft
Batting: RHB Jason Terry 0-0: Ground out 4-3 (Groundball, 4, EV 82.5 MPH)
Batting: RHB Mike Taylor 0-0: Called Strike
0-1: Hit by Pitch
Batting: LHB Diego San Agustin 0-0: Ball
1-0: Called Strike
1-1: Ball
2-1: Ball
Mike Taylor is caught stealing 2nd base 2-6
3-1: Fly out, F7 (Flyball, 7S, EV 93.8 MPH)
Bottom of the 2nd over - 1 run, 1 hit, 0 errors, 0 left on base; Cape May 3 - Motley 1
TOP OF THE 3RD
Cape May Mariners batting - Pitching for Motley Crue : RHP John Malone
Batting: RHB Craig Sullivan 0-0: Ball
1-0: Foul Ball, location: 5FF
1-1: Ground out 5-3 (Groundball, 56, EV 84.4 MPH)
Batting: LHB Jason Hughes 0-0: Ball
1-0: Called Strike
1-1: Ground out U3 (Groundball, 3L, EV 90.0 MPH)
Batting: RHB António Zumaya 0-0: Called Strike
0-1: Ball
1-1: Called Strike
1-2: SOLO HOME RUN (Flyball, 7D, EV 101.9 MPH), Distance : 386 ft
Batting: RHB Leroy Stanton 0-0: Ball
1-0: Ball
2-0: Ball
3-0: Called Strike
3-1: Foul Ball, location: 9LDF
3-2: Fly out, F7 (Flyball, 7, EV 91.3 MPH)
Top of the 3rd over - 1 run, 1 hit, 0 errors, 0 left on base; Cape May 4 - Motley 1
BOTTOM OF THE 3RD
Motley Crue batting - Pitching for Cape May Mariners : LHP Basil Ionescu
Batting: RHB Ted Martinez 0-0: Ground out 6-3 (Groundball, 6, EV 82.5 MPH)
Batting: RHB Richie Zisk 0-0: SOLO HOME RUN (Flyball, 9D, EV 100.0 MPH), Distance : 368 ft
Batting: RHB Denny Jackson 0-0: Ball
1-0: Ball
2-0: Fly out, F8 (Flyball, 89M, EV 97.5 MPH)
Batting: RHB Mike Anderson 0-0: Fly out, F6 (Line Drive, 56D, EV 75.0 MPH)
Bottom of the 3rd over - 1 run, 1 hit, 0 errors, 0 left on base; Cape May 4 - Motley 2
TOP OF THE 4TH
Cape May Mariners batting - Pitching for Motley Crue : RHP John Malone
Batting: RHB Jesús Vázquez 0-0: Called Strike
0-1: Ball
1-1: Foul Ball, location: 2F
1-2: Strikes out swinging
Batting: RHB Carlos Rodríguez 0-0: Ball
1-0: Called Strike
1-1: Ground out 5-3 (Groundball, 5L, EV 101.3 MPH)
Batting: RHB Jim MacIlrevie 0-0: Ball
1-0: Called Strike
1-1: Foul Ball, location: 2F
1-2: Strikes out looking
Top of the 4th over - 0 runs, 0 hits, 0 errors, 0 left on base; Cape May 4 - Motley 2
BOTTOM OF THE 4TH
Motley Crue batting - Pitching for Cape May Mariners : LHP Basil Ionescu
Batting: SHB Brent Boyd 0-0: Called Strike
0-1: Called Strike
0-2: SOLO HOME RUN (Flyball, 7LD, EV 94.4 MPH), Distance : 349 ft
Batting: RHB Ed MacGregor 0-0: Called Strike
0-1: Called Strike
0-2: SINGLE (Groundball, 56S, EV 68.1 MPH) (infield hit)
Batting: RHB Jason Terry 0-0: Ball
1-0: Ball
2-0: Swinging Strike
2-1: Ball
3-1: Called Strike
3-2: Base on Balls
Ed MacGregor to second
Batting: RHB Mike Taylor 0-0: Sac Bunt to 23 - play at first, batter OUT! 3-4
Ed MacGregor to third
Jason Terry to second
Batting: LHB Diego San Agustin 0-0: Ball
1-0: Foul Ball, location: 2F
1-1: Ball
2-1: Ball
3-1: Hit by Pitch
Batting: RHB Ted Martinez 0-0: Ball
1-0: Reached on error, E6 (Groundball, 6, EV 106.3 MPH)
Ed MacGregor scores
Jason Terry to third
Diego San Agustin to second
Batting: RHB Richie Zisk 0-0: Swinging Strike
0-1: Ball
1-1: Grounds into double play, 5-4-3 (Groundball, 5S, EV 90.6 MPH)
Bottom of the 4th over - 2 runs, 2 hits, 1 error, 2 left on base; Cape May 4 - Motley 4
TOP OF THE 5TH
Cape May Mariners batting - Pitching for Motley Crue : RHP John Malone
Batting: LHB Caleb Mitchell 0-0: Ball
1-0: Ball
2-0: Foul Ball, location: 7LSF
2-1: Ball
3-1: Swinging Strike
3-2: Fly out, F6 (Popup, 6M, EV 56.3 MPH)
Batting: RHB Clement Simpson 0-0: Called Strike
0-1: Ball
1-1: Swinging Strike
1-2: Ball
2-2: Foul Ball, location: 7LMF
2-2: SINGLE (Line Drive, 4M, EV 95.0 MPH)
Batting: RHB Craig Sullivan 0-0: SINGLE (Line Drive, 56D, EV 100.0 MPH)
Clement Simpson to second
Batting: LHB Jason Hughes 0-0: Called Strike
0-1: Called Strike
0-2: Strikes out swinging
Batting: RHB António Zumaya 0-0: Foul Ball, location: 2F
0-1: Foul Ball, location: 2F
0-2: Ball
1-2: Ball
2-2: Foul Ball, location: 25F
2-2: Ball
3-2: Foul Ball, location: 9LMF
3-2: Fly out, F3 (Popup, 3L, EV 53.8 MPH)
Top of the 5th over - 0 runs, 2 hits, 0 errors, 2 left on base; Cape May 4 - Motley 4
BOTTOM OF THE 5TH
Motley Crue batting - Pitching for Cape May Mariners : LHP Basil Ionescu
Batting: RHB Denny Jackson 0-0: Ball
1-0: Foul Ball, location: 2F
1-1: Ground out U3 (Groundball, 3, EV 106.3 MPH)
Batting: RHB Mike Anderson 0-0: Ball
1-0: Ball
2-0: Ball
3-0: Called Strike
3-1: SOLO HOME RUN (Flyball, 7D, EV 98.8 MPH), Distance : 375 ft
Batting: SHB Brent Boyd 0-0: Ball
1-0: Called Strike
1-1: Ball
2-1: Fly out, F6 (Popup, 6, EV 53.1 MPH)
Batting: RHB Ed MacGregor 0-0: Ball
1-0: Ball
2-0: Foul Ball, location: 3DF
2-1: Swinging Strike
2-2: Ball
3-2: Foul Ball, location: 2RF
3-2: Foul Ball, location: 9LMF
3-2: Fly out, F9 (Line Drive, 89M, EV 93.8 MPH)
Bottom of the 5th over - 1 run, 1 hit, 0 errors, 0 left on base; Cape May 4 - Motley 5
TOP OF THE 6TH
Cape May Mariners batting - Pitching for Motley Crue : RHP John Malone
Batting: RHB Leroy Stanton 0-0: Swinging Strike
0-1: Called Strike
0-2: Strikes out swinging
Batting: RHB Jesús Vázquez 0-0: Called Strike
0-1: Ball
1-1: SINGLE (Line Drive, 34D, EV 105.0 MPH)
Batting: RHB Carlos Rodríguez 0-0: Called Strike
0-1: Ball
1-1: Foul Ball, location: 9LMF
1-2: Ball
2-2: Foul Ball, location: 3F
2-2: Ball
3-2: Base on Balls
Jesús Vázquez to second
Batting: RHB Jim MacIlrevie 0-0: Swinging Strike
0-1: Ball
1-1: Swinging Strike
1-2: Ball
2-2: Strikes out swinging
Batting: LHB Caleb Mitchell 0-0: Called Strike
0-1: Ball
1-1: Ground out 3-1 (Groundball, 34, EV 103.1 MPH)
Top of the 6th over - 0 runs, 1 hit, 0 errors, 2 left on base; Cape May 4 - Motley 5
BOTTOM OF THE 6TH
Motley Crue batting - Pitching for Cape May Mariners : LHP Basil Ionescu
Batting: RHB Jason Terry 0-0: Ball
1-0: Ball
2-0: Foul Ball, location: 25F
2-1: Swinging Strike
2-2: Ground out 5-3 (Groundball, 56, EV 90.0 MPH)
Batting: RHB Mike Taylor 0-0: Ball
1-0: Called Strike
1-1: Ball
2-1: Ball
3-1: Foul Ball, location: 3DF
3-2: Foul Ball, location: 3FF
3-2: SINGLE (Line Drive, 8LS, EV 103.8 MPH)
Pitching: LHP Walt McFarlen
Batting: LHB Diego San Agustin 0-0: Called Strike
0-1: Ball
1-1: Ball
2-1: Ball
3-1: Called Strike
3-2: Foul Ball, location: 7LSF
3-2: Strikes out looking
Batting: RHB Ted Martinez 0-0: Swinging Strike
0-1: Swinging Strike
0-2: Ball
1-2: Ball
2-2: Foul Ball, location: 23FF
2-2: Ball
3-2: Strikes out looking
Bottom of the 6th over - 0 runs, 1 hit, 0 errors, 1 left on base; Cape May 4 - Motley 5
TOP OF THE 7TH
Cape May Mariners batting - Pitching for Motley Crue : RHP John Malone
Batting: RHB Clement Simpson 0-0: Ball
1-0: Ball
2-0: Foul Ball, location: 5F
2-1: Ball
3-1: Base on Balls
Batting: RHB Craig Sullivan 0-0: DOUBLE (Line Drive, 7LS, EV 110.6 MPH)
Clement Simpson to third
Batting: LHB Jason Hughes 0-0: Ball
1-0: Ball
2-0: Ball
3-0: Base on Balls
Batting: RHB António Zumaya 0-0: Foul Ball, location: 9LSF
0-1: Foul Ball, location: 3F
0-2: Foul Ball, location: 2F
0-2: Ball
1-2: Ball
2-2: Ball
3-2: Base on Balls
Clement Simpson scores
Craig Sullivan to third
Jason Hughes to second
Pitching: RHP José Ramírez
Batting: RHB Leroy Stanton 0-0: Foul Ball, location: 2F
0-1: Ball
1-1: Foul Ball, location: 2F
1-2: Ball
2-2: Ball
3-2: Foul Ball, location: 2F
3-2: Grounds into fielders choice 5-2 (Groundball, 5, EV 82.5 MPH)
Jason Hughes to third
António Zumaya to second
Batting: RHB Jesús Vázquez 0-0: Ball
1-0: Called Strike
1-1: SINGLE (Line Drive, 7S, EV 106.3 MPH)
Jason Hughes scores
António Zumaya to third
Leroy Stanton to second
Batting: RHB Carlos Rodríguez 0-0: Swinging Strike
0-1: Fly out, F7 (Flyball, 7LS, EV 91.9 MPH)
Batting: RHB Jim MacIlrevie 0-0: Called Strike
0-1: Ball
1-1: Fly out, F7 (Flyball, 7, EV 91.9 MPH)
Top of the 7th over - 2 runs, 2 hits, 0 errors, 3 left on base; Cape May 6 - Motley 5
BOTTOM OF THE 7TH
Motley Crue batting - Pitching for Cape May Mariners : LHP Walt McFarlen
Batting: RHB Richie Zisk 0-0: Foul Ball, location: 9LMF
0-1: Swinging Strike
0-2: Strikes out swinging
Batting: RHB Denny Jackson 0-0: Called Strike
0-1: Ball
1-1: Called Strike
1-2: Strikes out looking
Batting: RHB Mike Anderson 0-0: Foul Ball, location: 2F
0-1: Fly out, F4 (Flyball, 4MD, EV 89.4 MPH)
Bottom of the 7th over - 0 runs, 0 hits, 0 errors, 0 left on base; Cape May 6 - Motley 5
TOP OF THE 8TH
Cape May Mariners batting - Pitching for Motley Crue : RHP José Ramírez
Batting: LHB Caleb Mitchell 0-0: Ball
1-0: Foul Ball, location: 5SF
1-1: Foul Ball, location: 2F
1-2: Ball
2-2: Ball
3-2: Base on Balls
Batting: RHB Clement Simpson 0-0: Sac Bunt to 23 - play at first, batter OUT! 3-4
Caleb Mitchell to second
Batting: RHB Craig Sullivan 0-0: Foul Ball, location: 2F
0-1: Ball
1-1: Ball
2-1: Ball
Caleb Mitchell steals 3rd base
3-1: SINGLE (Line Drive, 8LS, EV 108.1 MPH)
Caleb Mitchell scores
Pitching: RHP Roy Crawford
Batting: LHB Jason Hughes 0-0: Ball
1-0: Ball
2-0: Ball
3-0: Called Strike
3-1: Called Strike
3-2: SINGLE (Line Drive, 78S, EV 103.8 MPH)
Craig Sullivan to second
Batting: RHB António Zumaya 0-0: Foul Ball, location: 7LDF
0-1: Ball
1-1: Foul Ball, location: 5FF
1-2: Fly out, F8 (Flyball, 89M, EV 96.9 MPH)
Batting: RHB Leroy Stanton 0-0: Ball
1-0: Ball
2-0: Ball
3-0: Base on Balls
Craig Sullivan to third
Jason Hughes to second
Batting: RHB Jesús Vázquez 0-0: Ball
1-0: SINGLE (Line Drive, 9LM, EV 105.0 MPH)
Craig Sullivan scores
Jason Hughes to third
Leroy Stanton to second
Batting: RHB Carlos Rodríguez 0-0: DOUBLE (Line Drive, 9LD, EV 104.4 MPH)
Jason Hughes scores
Leroy Stanton scores
Jesús Vázquez to third
Runner from 3rd tries for Home, SAFE, throw by RF to home
Pitching: RHP Dave Chandler
Batting: RHB Jim MacIlrevie 0-0: Foul Ball, location: 23F
0-1: Called Strike
0-2: Ball
1-2: Foul Ball, location: 2LF
1-2: Ground out 4-3 (Groundball, 4, EV 83.1 MPH)
Top of the 8th over - 5 runs, 4 hits, 0 errors, 1 left on base; Cape May 11 - Motley 5
BOTTOM OF THE 8TH
Motley Crue batting - Pitching for Cape May Mariners : LHP Walt McFarlen
Batting: SHB Brent Boyd 0-0: Called Strike
0-1: Ball
1-1: Swinging Strike
1-2: Ball
2-2: Ball
3-2: Base on Balls
Batting: RHB Ed MacGregor 0-0: Ball
1-0: Called Strike
1-1: Foul Ball, location: 2F
1-2: Foul Ball, location: 2F
1-2: Ball
2-2: Fielders Choice at 2nd, 4-6 (Groundball, 4, EV 81.9 MPH)
Pitching: RHP Ron Roberson
Batting: RHB Jason Terry 0-0: Swinging Strike
0-1: Swinging Strike
0-2: Ball
1-2: Ball
2-2: Ball
3-2: Foul Ball, location: 2F
3-2: Fly out, F8 (Flyball, 8RM, EV 94.4 MPH)
Batting: RHB Mike Taylor 0-0: Ball
1-0: Swinging Strike
1-1: Foul Ball, location: 23F
1-2: Ground out 4-3 (Groundball, 13, EV 86.3 MPH)
Bottom of the 8th over - 0 runs, 0 hits, 0 errors, 1 left on base; Cape May 11 - Motley 5
TOP OF THE 9TH
Cape May Mariners batting - Pitching for Motley Crue : RHP Dave Chandler
Batting: LHB Caleb Mitchell 0-0: Fly out, F8 (Flyball, 8LS, EV 94.4 MPH)
Batting: RHB Clement Simpson 0-0: Called Strike
0-1: Ball
1-1: Foul Ball, location: 9LSF
1-2: Foul Ball, location: 25F
1-2: Foul Ball, location: 9LMF
1-2: Ground out 6-3 (Groundball, 56, EV 78.8 MPH)
Batting: RHB Craig Sullivan 0-0: Ball
1-0: Swinging Strike
1-1: Ball
2-1: Called Strike
2-2: Foul Ball, location: 23F
2-2: Fly out, F8 (Flyball, 8LM, EV 97.5 MPH)
Top of the 9th over - 0 runs, 0 hits, 0 errors, 0 left on base; Cape May 11 - Motley 5
BOTTOM OF THE 9TH
Motley Crue batting - Pitching for Cape May Mariners : RHP Ron Roberson
Batting: LHB Diego San Agustin 0-0: Ball
1-0: Swinging Strike
1-1: Called Strike
1-2: DOUBLE (Flyball, 78XD, EV 108.1 MPH)
Batting: RHB Ted Martinez 0-0: Called Strike
0-1: Swinging Strike
0-2: Ball
1-2: Foul Ball, location: 7LSF
1-2: Strikes out swinging
Batting: RHB Richie Zisk 0-0: Swinging Strike
0-1: Ball
1-1: Foul Ball, location: 9LSF
1-2: Ball
2-2: Ball
3-2: Base on Balls
Batting: RHB Denny Jackson 0-0: Foul Ball, location: 9LMF
0-1: Ball
1-1: Ball
2-1: Ball
3-1: Base on Balls
Diego San Agustin to third
Richie Zisk to second
Pitching: RHP Jim Unknown
Batting: RHB Mike Anderson 0-0: Called Strike
0-1: Called Strike
0-2: Ball
1-2: Foul Ball, location: 2F
1-2: GRAND SLAM HOME RUN (Line Drive, 7LD, EV 100.6 MPH), Distance : 364 ft
Batting: SHB Brent Boyd 0-0: Foul Ball, location: 3FF
0-1: Called Strike
0-2: Strikes out swinging
Batting: RHB Ed MacGregor 0-0: Called Strike
0-1: Swinging Strike
0-2: Ball
1-2: Ball
2-2: Foul Ball, location: 2F
2-2: Ball
3-2: SINGLE (Line Drive, 56, EV 103.1 MPH)
Batting: RHB Jason Terry
Batting: LHB Hal Scott 0-0: SINGLE (Groundball, 56D, EV 96.9 MPH)
Ed MacGregor to second
Pinch Hitting: RHB Jason Jordan 0-0: Ball
1-0: Called Strike
1-1: Called Strike
1-2: SINGLE (Groundball, 4MD, EV 98.8 MPH)
Ed MacGregor to third
Hal Scott to second
Batting: LHB Diego San Agustin 0-0: Called Strike
0-1: Foul Ball, location: 5F
0-2: DOUBLE (Flyball, 78XD, EV 93.1 MPH)
Ed MacGregor scores
Hal Scott scores
Jason Jordan to third
Runner from 3rd tries for Home, SAFE, throw by LF to home
Bottom of the 9th over - 7 runs, 6 hits, 0 errors, 1 left on base; Cape May 11 - Motley 12
Tuesday, April 2nd , 2024 - OOTP Baseball 24.8 Build 75